 Dungeon Crawl Stone Soup version 0.30-a0-313-gae38170b09 (webtiles) character file.

Game seed: 2727606509003686826

60 Bnni the Shield-Bearer (level 4, 0/24 HPs)
             Began as a Vine Stalker Fighter on Oct 26, 2022.
             Slain by Crazy Yiuf
             ... wielding a +4 quarterstaff of chaos
              (7 damage)
             ... on level 3 of the Dungeon.
             The game lasted 00:02:25 (1508 turns).

Bnni the Shield-Bearer (Vine Stalker Fighter)       Turns: 1508, Time: 00:02:26

Health: 0/24       AC:  9    Str: 19    XL:     4   Next: 4%
Magic:  0/5        EV:  9    Int:  8    God:
Gold:   56         SH:  5    Dex: 15    Spells: 3/3 levels left

rFire   . . .      SeeInvis .    a - +0 rapier
rCold   . . .      Faith    .    c - +0 buckler
rNeg    . . .      Spirit   +    b - +0 scale mail
rPois   .          Reflect  .    g - +1 helmet
rElec   .          Harm     .    (no cloak)
rCorr   .          Rampage  .    (no gloves)
Will    .....                    l - +0 pair of boots
Stlth   ..........               m - amulet of regeneration
HPRegen 1.84/turn                (no ring)
MPRegen 0.09/turn                (no ring)

@: mighty, lethally poisoned (0 -> -1)
A: fangs 2, regeneration 1, magic shield, antimagic bite, no potion heal 2
a: no special abilities


You were on level 3 of the Dungeon.
You visited 1 branch of the dungeon, and saw 3 of its levels.

You collected 56 gold pieces.

Inventory:

Hand Weapons
 a - a +0 rapier (weapon)
 o - a +0 sling
Armour
 b - a +0 scale mail (worn)
 c - a +0 buckler (worn)
 g - a +1 helmet (worn)
 l - a +0 pair of boots (worn)
Jewellery
 m - an amulet of regeneration (around neck)
Scrolls
 h - a scroll of torment {unknown}
 j - 2 scrolls of identify {unknown}
 n - a scroll of immolation {unknown}
 p - a scroll of vulnerability {unknown}
Potions
 e - 3 potions of attraction {unknown}
 f - 2 potions of curing {unknown}
 i - a potion of heal wounds {unknown}
 k - a potion of haste {unknown}


   Skills:
 + Level 3.1 Fighting
 * Level 3.0 Short Blades
 - Level 2.4 Armour
 + Level 3.2 Shields


You had 3 spell levels left.
You didn't know any spells.
Your spell library contained the following spells:

 Spells                   Type           Power      Damage    Failure   Level
 Leda's Liquefaction      Hex/Erth       0%         N/A       100%        4
 Lee's Rapid Deconstruct  Erth           0%         3d4*      100%        5
 Statue Form              Tmut/Erth      0%         N/A       100%        6


Dungeon Overview and Level Annotations

Branches:
Dungeon (3/15)

Altars:

Annotations:
D:3 Crazy Yiuf


Innate Abilities, Weirdness & Mutations

You have extremely sharp teeth.
Your natural rate of healing is unusually fast.
When hurt, damage is shared between your health and your magic reserves.
Your bite disrupts and absorbs the magic of your enemies.
Potions cannot restore your health.


Message History

The adder is heavily wounded.
The adder bites you but does no damage.
You hit the adder.
The adder is severely wounded.
The adder bites you but does no damage. The adder barely misses you.
You puncture the adder!
You kill the adder!
Your Short Blades skill increases to level 3!
You have reached level 4!
You feel stronger.
You begin to heal more quickly.
You hit the rat.
You kill the rat!
No target in view!
No target in view!
Things that are here:
a rat corpse; an adder corpse
j - 2 scrolls labelled NUYCOC XI GEA (gained 1)
You see here 2 stones.
Found a hammer.
Found a runed translucent door.
You open the door.
Crazy Yiuf says, "Dawk koolooloo light!"
You closely miss Crazy Yiuf. You bite Crazy Yiuf. You drain his power.
Crazy Yiuf is lightly wounded.
Crazy Yiuf twirls on the spot.
Crazy Yiuf hits you with a +4 quarterstaff of chaos.
You hit Crazy Yiuf but do no damage. Your bite misses Crazy Yiuf.
Crazy Yiuf is lightly wounded.
Crazy Yiuf hits you with a +4 quarterstaff of chaos!
You are poisoned.
You barely miss Crazy Yiuf. Your bite misses Crazy Yiuf.
Crazy Yiuf is lightly wounded.
You feel very sick.
Crazy Yiuf hits you with a +4 quarterstaff of chaos!
Crazy Yiuf burns you.
You have nothing you can fire or use right now.
You feel very mighty all of a sudden.
You feel very sick.
Crazy Yiuf hits you with a +4 quarterstaff of chaos!
You die...

..# #.....##......#
....... .##
#.....#######...
....... .#
###.............
.###†...###########
.....#### ...######
.#......#### ###
.####......##
###..)# .#
##......####@g...#
.#
##......#..##...#
## ##....#.### ###
########


You could see Crazy Yiuf.

Vanquished Creatures
  2 adders
  6 ball pythons
  2 endoplasms (D:2)
  3 giant cockroaches
  2 goblins
  3 hobgoblins
  2 jackals (D:2)
  3 quokkas
  6 bats
  2 frilled lizards
  5 kobolds
  5 rats
41 creatures vanquished.

Vanquished Creatures (others)
  A plant (D:2)
1 creature vanquished.

Grand Total: 42 creatures vanquished

Notes
Turn   | Place    | Note
-------+----------+-------------------------------------------
     0 | D:1      | Bnni the Vine Stalker Fighter began the quest for the Orb.
     0 | D:1      | Reached XP level 1. HP: 11/11 MP: 2/2
   123 | D:1      | Reached XP level 2. HP: 16/16 MP: 3/3
   510 | D:2      | Reached XP level 3. HP: 10/19 MP: 4/4
   552 | D:2      | Found a faded altar of an unknown god.
  1464 | D:3      | Gained mutation: Your natural rate of healing is unusually
                  | fast. [Vine Stalker growth]
  1464 | D:3      | Reached XP level 4. HP: 24/24 MP: 5/5
  1500 | D:3      | Found a runed translucent door.
  1501 | D:3      | Noticed Crazy Yiuf
  1508 | D:3      | Slain by Crazy Yiuf

Illustrated notes

Levels and vault maps discovered:
D:1:      psy_arrival_dodecagon, layout_rooms, minmay_misc_feat_roman
D:2:      layout_loops_ring, serial_forest, infiniplex_forest_straight_2,
          infiniplex_forest_lined_2, infiniplex_forest_lined_2,
          infiniplex_forest_end_2, infiniplex_forest_zigzag_1,
          dreamdust_ecumenical_altar_statues
D:3:      layout_rooms, minmay_puff, uniq_terence, uniq_grinder,
          uniq_crazy_yiuf_cottage

Skill      XL: |  1  2  3 |
---------------+----------+-----
Short Blades   | 2 3 |  3.0
Shields        | 3 |  3.2
Fighting       | 3 |  3.1
Armour         | |  2.4

Action                   |  1- 3 |  4- 6 || total
-------------------------+-------+-------++-------
Melee: Rapier            |   124 |     4 ||   128
       Bite              |    28 |     1 ||    29
  Use: Potion            |       |     1 ||     1
Armor: Scale mail        |    68 |       ||    68
Dodge: Dodged            |    51 |       ||    51
Block: Buckler           |    35 |       ||    35

Table legend: (Time is in decaauts)
 A = Elapsed time spent in this place.
 B = Non-inter-level travel time spent in this place.
 C = Inter-level travel time spent in this place.
 D = Time resting spent in this place.
 E = Time spent auto-exploring this place.
 F = Levels seen in this place.
 G = Mean time per level.
                   A        B        C        D        E       F      G
               +--------+--------+--------+--------+--------+-----+--------+
         Total |   1522 |   1454 |     68 |     53 |   1065 |   3 |  507.3 |
       Dungeon |   1522 |   1454 |     68 |     53 |   1065 |   3 |  507.3 |
               +--------+--------+--------+--------+--------+-----+--------+

Top non-repeatable levels by time:
     D:2: 901 daAuts
     D:1: 445 daAuts
     D:3: 175 daAuts
